 Dungeon Crawl Stone Soup version 0.22-a0-223-g0f5d773 (webtiles) character file.

70 MatthieuS the Gusty (level 4, -2/25 HPs)
             Began as a Tengu Air Elementalist on Feb 18, 2018.
             Killed by divine providence
             ... invoked by an orc priest
              (13 damage)
             ... on level 3 of the Dungeon.
             The game lasted 00:06:34 (2866 turns).

MatthieuS the Gusty (Tengu Air Elementalist)        Turns: 2866, Time: 00:06:35

Health: -2/25      AC:  6    Str:  6 (8)  XL:     4   Next: 22%
Magic:  0/9        EV: 12    Int: 15 (17) God:
Gold:   41         SH:  0    Dex: 14      Spells: 2/8 levels left

rFire    . . .     SeeInvis +   w - +0 hunting sling
rCold    + . .     Gourm    .   (no shield)
rNeg     . . .     Faith    .   l - +0 leather armour
rPois    .         Spirit   .   (helmet restricted)
rElec    .         Reflect  .   (no cloak)
rCorr    .         Harm     .   k - +2 pair of gloves
MR       .....                  (boots unavailable)
Stlth    ++........             (no amulet)
HPRegen  0.08/turn              i - ring of protection from cold
MPRegen  0.11/turn              f - ring of see invisible

@: very slightly contaminated
A: beak, talons 3
a: no special abilities


You were on level 3 of the Dungeon.
You were very hungry.

You visited 1 branch of the dungeon, and saw 3 of its levels.

You collected 41 gold pieces.

Inventory:

Hand Weapons
 a - a +1 spear of flaming
 w - a +0 hunting sling (weapon)
Missiles
 e - 28 stones (quivered)
Armour
 d - a +0 robe
 k - a +2 pair of gloves (worn)
 l - a +0 leather armour (worn)
Jewellery
 f - a ring of see invisible (right hand)
 i - a ring of protection from cold (left hand)
Scrolls
 c - a scroll of enchant armour {unknown}
 g - a scroll of remove curse
 j - a scroll of fear
Potions
 h - a potion of curing {unknown}
 n - a potion of flight {unknown}
Comestibles
 b - 7 rations


   Skills:
 + Level 1.0 Fighting
 + Level 1.0 Armour
 + Level 2.7 Dodging
 + Level 2.4 Stealth
 * Level 2.7 Spellcasting
 + Level 2.1 Conjurations
 + Level 4.3 Air Magic


You had 2 spell levels left.
You knew the following spells:

 Your Spells              Type           Power        Failure   Level  Hunger
a - Shock                 Conj/Air       ##..         9%          1    #......
b - Swiftness             Chrm/Air       #.......     21%         2    ##.....
c - Static Discharge      Conj/Air       ##......     26%         3    ###....


Dungeon Overview and Level Annotations

Branches:
Dungeon (3/15)

Altars:
Okawaru
Trog


Innate Abilities, Weirdness & Mutations

You have a beak for a mouth.
You have claws for feet.


Message History

The orc priest is almost dead.
The lightning grounds out.
The orc priest hits you with a dagger.
Casting: Static Discharge (safe; 26% risk of failure)
Confirm with . or Enter, or press ? or * to list all spells.
You don't have enough magic to cast that spell.
Unknown command.
Firing (i - inventory)
e - 30 stones (quivered)
Press: ? - help, Shift-Dir - straight line, f - orc priest, p - orc
Aim: an orc priest, wielding a dagger (almost dead)
You shoot a stone. The stone barely misses the orc priest.
The orc priest hits you with a dagger. The orc closely misses you.
Unknown command.
Firing (i - inventory)
e - 29 stones (quivered)
Press: ? - help, Shift-Dir - straight line, f/p - orc priest
Aim: an orc priest, wielding a dagger (almost dead)
You shoot a stone. The stone barely misses the orc priest.
The orc priest invokes the aid of Beogh against you.
Beogh smites you!
Ouch! That really hurt!
You die...

.. .. ###.# .#
#.#.. .o #...
.# #.. .#
#.######.# #
##@o.....##.#
#..o........#
#.######..####
#.# #.## #.#
#S........w.
##
#[##.####### #
..[ #.. #.!#


You could see an orc priest and an orc.

Vanquished Creatures
  2 adders (D:2)
  2 worms (D:2)
  A dart slug (D:1)
  2 leopard geckos (D:2)
  2 orcs
  5 bats
  A giant cockroach (D:1)
  A goblin (D:2)
  2 hobgoblins (D:1)
  7 jackals (D:1)
  6 kobolds (D:1)
  4 frilled lizards
  6 rats
  2 plants (D:2)
43 creatures vanquished.

Notes
Turn   | Place    | Note
-------+----------+-------------------------------------------
     0 | D:1      | MatthieuS the Tengu Air Elementalist began the quest for the Orb.
     0 | D:1      | Reached XP level 1. HP: 10/10 MP: 4/4
   100 | D:1      | Found an iron altar of Okawaru.
   147 | D:1      | Reached XP level 2. HP: 15/15 MP: 3/6
   719 | D:1      | Reached XP level 3. HP: 20/20 MP: 4/7
  1361 | D:2      | HP: 1/20 [poisoned by an adder]
  1675 | D:2      | Learned a level 2 spell: Swiftness
  1679 | D:2      | Learned a level 3 spell: Static Discharge
  1816 | D:2      | Found a bloodstained altar of Trog.
  1843 | D:2      | Reached skill level 1 in Armour
  2065 | D:2      | Reached XP level 4. HP: 24/24 MP: 0/8
  2450 | D:2      | Reached skill level 1 in Fighting
  2866 | D:3      | Killed from afar by an orc priest

Vault maps used:
D:1:      dpeg_arrival_boxorama, okawaru_ov_weapons_minmay
D:2:      serial_forest, infiniplex_forest_lined_room_2,
          infiniplex_forest_lined_room_, infiniplex_forest_clump_small,
          infiniplex_forest_zigzag_1, infiniplex_forest_corner_1,
          infiniplex_forest_straight_2, infiniplex_forest_clump_medium,
          trog_butcher_becter
D:3:      lemuel_coloured_pillars_altar, minmay_fountain_box,
          cheibrodos_gnoll_hut

Skill      XL: |  1  2  3  4 |
---------------+-------------+-----
Conjurations   | 2 |  2.1
Armour         | 1 |  1.0
Fighting       | 1 |  1.0
Dodging        | |  2.7
Stealth        | |  2.4
Spellcasting   | |  2.7
Air Magic      | |  4.3

Action                   |  1- 3 |  4- 6 || total
-------------------------+-------+-------++-------
Melee: Dagger            |     5 |       ||     5
       Kick              |     1 |    23 ||    24
       Peck              |     1 |    17 ||    18
       Spear             |       |    55 ||    55
       Hunting sling     |       |     1 ||     1
 Fire: Hunting sling     |    31 |     8 ||    39
 Cast: Shock             |    64 |     5 ||    69
       Static Discharge  |       |     1 ||     1
  Use: Scroll            |     3 |       ||     3
       Potion            |     1 |       ||     1
  Eat: Chunk             |     4 |     2 ||     6
Armor: Robe              |     7 |       ||     7
       Leather armour    |       |     1 ||     1
Dodge: Dodged            |    38 |     6 ||    44

Table legend:
 A = Spawn XP
 B = Non-spawn XP
 C = Spawn XP percentage of total XP
 D = Spawn monster count
 E = Non-spawn monster count
 F = Spawn count percentage of total count
 G = Total turns spent on level
                    A         B        C        D         E        F      G
               +---------+---------+-------+---------+---------+-------+---------
         Total |       0 |     101 |   0.0 |       0 |      41 |   0.0 |  2866
               +---------+---------+-------+---------+---------+-------+---------
           D:1 |       0 |      42 |   0.0 |       0 |      24 |   0.0 |  1208
           D:2 |       0 |      56 |   0.0 |       0 |      16 |   0.0 |  1638
           D:3 |       0 |       3 |   0.0 |       0 |       1 |   0.0 |    20
               +---------+---------+-------+---------+---------+-------+---------
